 Dungeon Crawl Stone Soup version 0.18.1-50-g88ac8fd (webtiles) character file.

16 ololoev the Conjurer (level 2, 0/15 HPs)
             Began as a Deep Elf Conjurer on Dec 2, 2016.
             Slain by an orc wizard
             ... wielding a +0 dagger
              (3 damage)
             ... on level 4 of the Dungeon.
             The game lasted 00:03:55 (368 turns).

ololoev the Conjurer (Deep Elf Conjurer)             Turns: 368, Time: 00:03:56

Health: 0/15       AC:  2    Str: 10    XL:     2   Next: 41%
Magic:  3/8        EV: 13    Int: 19    God:
Gold:   48         SH:  0    Dex: 15    Spells: 2 memorised, 5 levels left

rFire  . . .     SeeInvis .     j - +4 dagger (flame)
rCold  . . .     Gourm    .     a - +0 robe
rNeg   . . .     Faith    .     (no shield)
rPois  .         Spirit   .     (no helmet)
rElec  .         Dismiss  .     (no cloak)
rCorr  .         Reflect  .     (no gloves)
SustAt .         Harm     .     (no boots)
MR     .....                    (no amulet)
Stlth  +.........               (no ring)
                                (no ring)

@: confused, mighty, not resistant to hostile enchantments, very unstealthy
A: no striking features
a: no special abilities

Inventory:

Hand Weapons
 j - a +4 dagger of flaming (weapon)
Armour
 a - a +0 robe (worn)
Scrolls
 e - a scroll of fog {unknown}
 i - a scroll of enchant armour {unknown}
Potions
 g - a potion of haste {unknown}
 h - a potion of ambrosia {unknown}
Books
 b - a book of Conjurations

   Spells                             Type                      Level
   a - Magic Dart                     Conjuration                  1
   b - Searing Ray                    Conjuration                  2
   c - Dazzling Spray                 Conjuration/Hexes            3
   d - Fulminant Prism                Conjuration/Hexes            4
   e - Iskenderun's Mystic Blast      Conjuration                  4
   f - Iskenderun's Battlesphere      Conjuration/Charms           5
Comestibles
 c - a bread ration
 f - a meat ration
 k - 3 fruits


   Skills:
 - Level 2.4 Dodging
 - Level 2.4 Stealth
 + Level 3.7 Spellcasting
 + Level 4.7 Conjurations


You had 5 spell levels left.
You knew the following spells:

 Your Spells              Type           Power        Failure   Level  Hunger
a - Magic Dart            Conj           ###.         1%          1    None
b - Searing Ray           Conj           ###...       3%          2    ##.....


You were on level 4 of the Dungeon.
You were not hungry.

You visited 1 branch of the dungeon, and saw 4 of its levels.

You collected 48 gold pieces.

. #......# .... ...
#......# o..h
....##......# ...o.
#....#.#### .....
####...# ...... #..#.#
###
#...######.##)###.....
..#.#.o...o..##{........
.......o#######@##......
#.......# #.# .....
#.......# #.# ....
#..<....# #.# ...
##....... #.# ..
#....... ..# . ###..#..
... ......# ...

Notes
Turn   | Place    | Note
--------------------------------------------------------------
     0 | D:1      | ololoev the Deep Elf Conjurer began the quest for the Orb.
     0 | D:1      | Reached XP level 1. HP: 10/10 MP: 6/6
    13 | D:2      | Sapher: меньше 3МП если надо регенить
    13 | D:2      | ololoev: коненчо после роки бласта у дарта нет дамага
   145 | D:3      | Reached XP level 2. HP: 15/15 MP: 1/8
   150 | D:3      | Learned a level 2 spell: Searing Ray
   150 | D:3      | ololoev: ура, сиринг рей
   150 | D:3      | ololoev: хороший спелл
   150 | D:3      | Sapher: я бы даже не учил ниче да 5го уровня
   150 | D:3      | ololoev: why?
   150 | D:3      | Sapher: для рея надо дофига маны
   150 | D:3      | ololoev: IMB
   150 | D:3      | Sapher: бласт тоже нафик не нужен
   150 | D:3      | Sapher: дорогой
   152 | D:3      | Sapher: сфера + дротик круче
   344 | D:4      | Noticed a howler monkey
   368 | D:4      | Slain by an orc wizard

Dungeon Overview and Level Annotations

Branches:
Dungeon (4/15)
 Temple: D:4-7

Altars:


Message History

Casting: Magic Dart
Confirm with . or Enter, or press ? or * to list all spells.
Aiming: Magic Dart
Press: ? - help, Shift-Dir - straight line, f - giant cockroach
Aim: a giant cockroach The magic dart hits the giant cockroach.
The giant cockroach is heavily wounded.
The hobgoblin shouts!
Casting: Magic Dart
Confirm with . or Enter, or press ? or * to list all spells.
Aiming: Searing Ray
Press: ? - help, Shift-Dir - straight line, f/p - giant cockroach
Aim: a giant cockroach (heavily wounded, clinging)
The searing ray hits the giant cockroach.
The giant cockroach is heavily wounded.
The searing ray hits the giant cockroach.
The giant cockroach is almost dead.
The giant cockroach misses you.
The searing ray hits the giant cockroach.
You kill the giant cockroach!
The searing ray hits the hobgoblin.
You kill the hobgoblin!
There is an open door here.
A goblin comes into view.
Casting: Searing Ray
Confirm with . or Enter, or press ? or * to list all spells.
Aiming: Magic Dart
Press: ? - help, Shift-Dir - straight line, f - goblin
Aim: a goblin The magic dart hits the goblin.
You kill the goblin!
There is a stone staircase leading down here.
You climb downwards.
Found 6 gold pieces, a robe and a ring mail.
There is a stone staircase leading up here.
You now have 34 gold pieces (gained 6).
Found 14 gold pieces.
Found a stone staircase leading up.
An orc and an orc wizard come into view.
You see here 14 gold pieces.
You now have 48 gold pieces (gained 14).
The orc shouts!
An orc and a howler monkey come into view.
The orc wizard points at you and mumbles some strange words.
The magic dart hits you! The orc wizard casts a spell at you.
You are confused.
You bump into the rock wall.
You're too confused to move!
You bump into the rock wall.
You feel less confused.
Casting: Magic Dart
Confirm with . or Enter, or press ? or * to list all spells.
Aiming: Searing Ray
Press: ? - help, Shift-Dir - straight line, f - orc wizard
Aim: an orc wizard, wielding a dagger and wearing a robe The searing ray hits the orc wizard.
The orc wizard is lightly wounded.
The searing ray hits the orc wizard.
The orc wizard is moderately wounded.
The searing ray hits the orc wizard.
The orc wizard is heavily wounded.
The searing ray hits the orc.
You kill the orc!
The orc wizard barely misses you.
You hit the orc wizard. You burn the orc wizard.
The orc wizard is severely wounded.
The orc wizard gestures wildly while chanting.
The orc wizard flickers and vanishes!
Deactivating autopickup; reactivate with Ctrl-A.
You miss something.
You hear some strange, mumbled words.
You are confused.
Something hits you.
You bump into the rock wall.
Something hits you!
Drink which item? (? for menu, Esc to quit)
It was a potion of might.
You feel very mighty all of a sudden. Something hits you.
You die...

There were no monsters in sight!

Vanquished Creatures
  An orc (D:4)
  3 giant cockroaches
  2 goblins (D:3)
  3 hobgoblins
  2 kobolds
  A quokka (D:3)
12 creatures vanquished.

Action                   || total
-------------------------++-------
Melee: Dagger            ||     2
       Short sword       ||     1
 Cast: Magic Dart        ||    23
       Searing Ray       ||     2
  Use: Potion            ||     1
Dodge: Dodged            ||     7

Vault maps used:
D:1:      dpeg_arrival_stonehenge_8_columns
D:3:      first_bread, hangedman_abyss_or_decor_stabs
D:4:      minmay_temple_entry_fiery, hangedman_decor_points,
          minmay_misc_feat_tiny
